 Dungeon Crawl Stone Soup version 0.24.0-41-g2ae2f7f1be (webtiles) character file.

Game seed: 9988830998594599286, levelgen mode: deterministic

26 lepoulpe303 the Poker (level 3, 0/30 HPs)
             Began as a Merfolk Fighter on Dec 15, 2019.
             Succumbed to an adder's poison
             ... on level 2 of the Dungeon.
             The game lasted 00:01:48 (699 turns).

lepoulpe303 the Poker (Merfolk Fighter)              Turns: 699, Time: 00:01:49

Health: 0/30       AC:  6    Str: 17    XL:     3   Next: 8%
Magic:  3/3        EV:  6    Int:  7    God:
Gold:   32         SH:  9    Dex: 13    Spells: 2/2 levels left

rFire    . . .     SeeInvis .   a - +0 trident
rCold    . . .     Gourm    .   c - +0 shield
rNeg     . . .     Faith    .   b - +0 scale mail
rPois    .         Spirit   .   (no helmet)
rElec    .         Reflect  .   (no cloak)
rCorr    .         Harm     .   (no gloves)
MR       .....                  (no boots)
Stlth    ..........             (no amulet)
HPRegen  0.10/turn              (no ring)
MPRegen  0.08/turn              (no ring)

@: lethally poisoned (0 -> -3), slowed, very slow
A: change form in water, swift swim, stealthy swim
a: no special abilities


You were on level 2 of the Dungeon.
You were not hungry.

You visited 1 branch of the dungeon, and saw 2 of its levels.

You collected 32 gold pieces.

Inventory:

Hand Weapons
 a - a +0 trident (weapon)
Armour
 b - a +0 scale mail (worn)
 c - a +0 shield (worn)
 j - a +0 chain mail
Jewellery
 h - a cursed ring of attention {unknown}
 k - an uncursed amulet of faith {unknown}
Scrolls
 i - a scroll of identify {unknown}
Potions
 d - a potion of might
 g - a potion of lignification {unknown}
Comestibles
 e - 3 rations
 f - 4 chunks of flesh


   Skills:
 * Level 3.8 Fighting
 * Level 3.9 Polearms
 * Level 2.4 Armour
 + Level 0.0 Dodging
 - Level 3.0 Shields


You had 2 spell levels left.
You didn't know any spells.
Your spell library was empty.

Dungeon Overview and Level Annotations

Branches:
Dungeon (2/15)

Altars:

Annotations:
D:2 Natasha


Message History

You block Natasha's attack. The adder bites you but does no damage.
Natasha claws you!
* * * LOW HITPOINT WARNING * * *
You take 10 damage, and have 15/30 hp.
MASSIVE DAMAGE!!
You feel sick. You block the bat's attack. Natasha claws you.
* * * LOW HITPOINT WARNING * * *
The adder barely misses you.
You take 4 damage, and have 11/30 hp.
You closely miss Natasha. The bat hits you but does no damage.
The bat hits you.
* * * LOW HITPOINT WARNING * * *
You block the adder's attack. Natasha claws you.
* * * LOW HITPOINT WARNING * * *
You block Natasha's attack. The adder bites you.
* * * LOW HITPOINT WARNING * * *
You take 10 damage, and have 1/30 hp.
MASSIVE DAMAGE!!
You hit Natasha but do no damage.
You die...

.................
#.................#
########..................
.......#..................
..................##......
..................##<....#
..................###....#
....... #...............##
....(..##@.b.....####...#
.......†Sh..............#
...............####.....#
...............# ...###
...............# ..##
...............# #..
...............#
...............#
...............#


You could see Natasha, an adder and a bat.

Levels and vault maps discovered:
D:1:      lemuel_arrival_lava_pool, layout_basic
D:2:      layout_basic, nicolae_tso_swordbearing_angel, uniq_natasha,
          uniq_crazy_yiuf_cottage, uniq_jessica

Notes
Turn   | Place    | Note
-------+----------+-------------------------------------------
     0 | D:1      | lepoulpe303 the Merfolk Fighter began the quest for the
                  | Orb.
     0 | D:1      | Reached XP level 1. HP: 18/18 MP: 1/1
    18 | D:1      | Identified a +0 short sword
   181 | D:1      | Reached XP level 2. HP: 24/24 MP: 2/2
   190 | D:1      | Identified a +0 dagger
   229 | D:1      | Identified a +0 short sword
   524 | D:1      | Identified a +0 club
   627 | D:1      | Reached XP level 3. HP: 26/30 MP: 3/3
   686 | D:2      | Noticed Natasha
   698 | D:2      | HP: 5/30 [Natasha (5)]
   698 | D:2      | HP: 1/30 [adder (4)]
   699 | D:2      | Succumbed to an adder's poison

Table legend:
 A = Turns spent in this place as a percentage of turns spent in the entire game.
 B = Non-inter-level travel turns spent in this place as a percentage of non-inter-level travel turns spent in the entire game.
 C = Inter-level travel turns spent in this place as a percentage of turns spent in this place.
 D = Turns resting spent in this place as a percentage of non-inter-level travel turns spent in this place.
 E = Turns spent auto-exploring this place as a percentage of non-inter-level travel turns spent in this place.
 F = Non-inter-level travel turns spent in this place divided by the number of levels of this place that you've seen.
                   A       B       C       D       E      F
               +-------+-------+-------+-------+-------+----------------------
         Total | 100.0 | 100.0 |   0.4 |   0.0 |  82.6 | 348.0
       Dungeon | 100.0 | 100.0 |   0.4 |   0.0 |  82.6 | 348.0
               +-------+-------+-------+-------+-------+----------------------

Table legend:
 A = Kills in this place as a percentage of kills in entire the game.
 B = Kills by you in this place as a percentage of kills by you in the entire game.
 C = Kills by friends in this place as a percentage of kills by friends in the entire game.
 D = Other kills in this place as a percentage of other kills in the entire game.
 E = Experience gained in this place as a percentage of experience gained in the entire game.
 F = Experience gained in this place divided by the number of levels of this place that you have seen.
                   A       B       C       D       E      F
               +-------+-------+-------+-------+-------+----------------------
         Total | 100.0 | 100.0 |   N/A |   N/A | 100.0 |  19.0
       Dungeon | 100.0 | 100.0 |   N/A |   N/A | 100.0 |  19.0
               +-------+-------+-------+-------+-------+----------------------

Action                   || total
-------------------------++-------
Melee: Trident           ||    74
Armor: Scale mail        ||    42
Dodge: Dodged            ||    20
Block: Shield            ||    44

Vanquished Creatures
  4 bats
  3 giant cockroaches
  A goblin (D:1)
  4 hobgoblins (D:1)
  4 jackals (D:1)
  A frilled lizard (D:1)
  4 kobolds (D:1)
  2 rats (D:1)
23 creatures vanquished.
